Map: Dusty Gorge

Players

BearTearer

  • Race: Zerg Zerg
  • Spawn Location: 3:00

Milhomens

  • Race: Protoss Protoss
  • Spawn Location: 5:00

Adversity - Winner!

  • Race: Terran Terran
  • Spawn Location: 9:00

Vajra - Winner!

  • Race: Protoss Protoss
  • Spawn Location: 11:00

VOD

Have the link to the VOD?

Description

Time

  • Played on: Sept. 2, 2018, 10:32 a.m.
  • Length: 8:26
Show
View Real Time Build Order
Export as new Build Order

BearTearer Zerg 

Build Orders: Pool First 

Get SALT Encoding   

  12  0:01  Drone  
  13  0:13  Overlord  
  13  0:18  Drone  
  14  0:31  Drone x2  
  14  0:35  Drone  
  17  0:46  Spawning Pool  
  17  0:49  Drone  
  17  0:58  Drone  
  18  1:13  Hatchery  
  17  1:26  Drone  
  17  1:29  Overlord, Extractor  
  17  1:30  Drone  
  18  1:45  Drone  
  19  1:57  Drone  
  20  2:02  Overlord, Queen  
  20  2:08  Evolution Chamber  
  21  2:16  Drone  
  22  2:24  Queen  
  22  2:26  Drone  
  24  2:30  Zergling x2  
  25  2:37  Zergling x4  
  26  2:44  Extractor  
  26  2:48  Zergling x2  
  26  2:49  Zergling x2  
  26  2:54  Drone  
  26  2:58  Drone, Queen  
  30  3:06  Zergling x2  
  30  3:07  Metabolic Boost  
  31  3:14  Zerg Melee Weapons Level 1  
  31  3:44  Drone  
  31  3:46  Zergling x2  
  33  3:51  Hatchery  
  33  3:53  Lair  
  32  3:59  Drone  
  32  4:00  Extractor  
  32  4:06  Drone  
  33  4:11  Drone x2  
  33  4:12  Drone  
  33  4:16  Drone  
  37  4:23  Drone  
  38  4:31  Drone  
  38  4:34  Drone  
  38  4:35  Drone  
  38  4:36  Drone  
  38  4:37  Drone  
  43  4:38  Drone  
  43  4:44  Overlord  
  44  4:54  Spore Crawler  
  44  4:57  Spore Crawler, Drone  
  43  5:00  Drone  
  43  5:02  Overlord  
  43  5:04  Drone  
  45  5:07  Drone  
  45  5:08  Drone  
  45  5:12  Overlord  
  47  5:20  Drone, Hydralisk Den  
  47  5:26  Evolution Chamber  
  46  5:36  Drone  
  46  5:41  Drone  
  46  5:42  Extractor  
  47  5:43  Zerg Ground Armor Level 1  
  47  5:47  Overlord  
  47  5:48  Drone x2  
  47  5:49  Zergling x2  
  50  5:53  Drone x2  
  50  5:54  Drone  
  53  6:01  Queen  
  55  6:08  Drone  
  56  6:11  Drone  
  56  6:13  Hydralisk, Drone  
  56  6:16  Grooved Spines  
  60  6:21  Zerg Missile Weapons Level 1  
  60  6:23  Hydralisk  
  62  6:27  Overseer  
  62  6:29  Pneumatized Carapace  
  62  6:38  Hydralisk, Drone  
  65  6:56  Hydralisk x6, Drone  
  65  6:58  Zergling x2  
  79  7:06  Hydralisk x2  
  79  7:07  Hydralisk  
  77  7:25  Overlord x4  
  77  7:26  Overlord  
  77  7:32  Overlord  
  77  7:33  Overlord  
  64  7:44  Zergling x8  
  64  7:45  Zergling x6  
  63  7:53  Zergling x2  
  63  7:54  Zergling x6  
  56  7:59  Zergling x4  
  56  8:02  Zergling x2  
  54  8:06  Overlord  
Show
View Real Time Build Order
Export as new Build Order

Milhomens Protoss 

Build Orders:  

Get SALT Encoding   

  12  0:02  Probe  
  13  0:14  Probe  
  14  0:23  Pylon  
  14  0:26  Probe  
  15  0:41  Probe  
  16  0:43  Gateway  
  16  0:49  Assimilator  
  16  0:53  Probe  
  17  0:58  Pylon  
  17  1:06  Probe  
  17  1:09  Assimilator  
  19  1:18  Probe  
  19  1:32  Cybernetics Core  
  19  1:37  Probe  
  20  1:49  Probe  
  21  2:08  Adept  
  21  2:10  Nexus  
  23  2:20  Stargate  
  23  2:21  Probe  
  23  2:29  Probe  
  24  2:36  Adept  
  27  2:43  Probe  
  28  2:51  Pylon  
  27  3:06  Probe  
  27  3:09  Void Ray  
  32  3:15  Pylon  
  32  3:23  Probe x2  
  34  3:30  Stalker  
  36  3:35  Probe  
  36  3:36  Probe  
  38  3:54  Void Ray  
  42  4:04  Warp Gate  
  42  4:06  Probe x2  
  44  4:14  Probe  
  44  4:15  Probe  
  44  4:16  Stalker  
  46  4:22  Probe  
  48  4:29  Probe  
  50  4:35  Probe  
  50  4:36  Void Ray, Assimilator  
  51  4:41  Probe  
  56  4:47  Probe  
  57  4:53  Probe  
  57  4:54  Stargate  
  57  4:56  Stalker  
  57  4:59  Probe  
  61  5:05  Probe  
  62  5:13  Fleet Beacon  
  62  5:18  Pylon  
  62  5:28  Pylon  
  62  5:36  Stalker, Probe  
  62  5:38  Pylon  
  62  5:39  Void Ray  
  69  5:43  Assimilator  
  69  5:58  Probe x2  
  71  6:09  Void Ray  
  75  6:14  Gateway  
  75  6:15  Gateway  
  75  6:27  Forge  
  75  6:29  Graviton Catapult  
  75  6:42  Zealot  
  81  6:49  Pylon  
  81  6:50  Probe x2  
  23  7:26  Probe  
  23  7:28  Stalker  
  23  7:29  Stalker  
  22  7:50  Probe  
  23  7:54  Stalker x2  
  27  7:59  Gateway x2  
  27  8:02  Probe  
Show
View Real Time Build Order
Export as new Build Order

Adversity Terran - Winner!

Build Orders: Reaper Expand 

Get SALT Encoding   

  12  0:02  SCV  
  13  0:14  SCV  
  14  0:18  Supply Depot  
  14  0:26  SCV  
  15  0:40  SCV  
  15  0:41  Barracks  
  16  0:48  Refinery  
  16  0:53  SCV  
  17  1:07  SCV  
  18  1:19  SCV  
  19  1:31  Reaper  
  19  1:32  Orbital Command  
  20  1:43  Command Center  
  20  1:55  Supply Depot  
  20  1:58  SCV  
  21  2:04  Barracks Reactor  
  21  2:10  SCV  
  21  2:13  Barracks  
  22  2:17  Barracks  
  22  2:22  SCV  
  23  2:34  SCV  
  24  2:40  Supply Depot  
  24  2:43  Marine x2  
  26  2:50  SCV  
  27  3:00  Orbital Command  
  27  3:02  SCV  
  27  3:04  Refinery, Engineering Bay  
  27  3:05  Barracks Tech Lab  
  28  3:07  Marine x2  
  28  3:11  Marine  
  31  3:18  SCV  
  32  3:24  Marine, Stimpack  
  32  3:25  Marine x2  
  32  3:27  SCV  
  36  3:30  SCV  
  36  3:33  Marine  
  38  3:39  Missile Turret  
  38  3:41  Missile Turret  
  38  3:45  SCV  
  38  3:47  SCV  
  40  3:55  Marine x4  
  44  3:59  Factory  
  44  4:03  SCV  
  44  4:05  SCV  
  44  4:06  Terran Infantry Weapons Level 1  
  45  4:15  Marine x4  
  45  4:16  SCV  
  50  4:17  SCV  
  50  4:24  Supply Depot  
  51  4:28  SCV  
  51  4:29  SCV  
  53  4:34  Marine  
  53  4:37  Supply Depot  
  54  4:38  Barracks Reactor  
  54  4:44  Factory Reactor, Starport  
  54  4:45  Marine, SCV x2  
  57  4:54  Barracks  
  57  4:56  Barracks  
  57  4:57  SCV x2  
  59  5:02  Refinery x2  
  59  5:09  SCV x2  
  59  5:13  Marine x2  
  59  5:14  Marine  
  64  5:15  Supply Depot  
  64  5:17  Supply Depot, Marine x2  
  66  5:39  Medivac x2  
  66  5:40  SCV  
  66  5:41  SCV, Combat Shield  
  72  5:42  Barracks Reactor x2  
  72  5:46  Marine x4  
  76  5:50  Supply Depot  
  76  5:52  Supply Depot  
  76  5:53  SCV x2  
  76  5:54  Marine  
  79  6:02  Terran Infantry Armor Level 1  
  79  6:06  Armory  
  79  6:07  Engineering Bay  
  79  6:16  Supply Depot, Marine  
  79  6:17  Marine x4  
  84  6:19  Marine x3  
  87  6:29  Medivac x2  
  91  6:35  Marine x4  
  91  6:36  Marine x2  
  97  6:46  Marine x3  
  100  6:50  Supply Depot  
  100  6:53  Marine  
  95  7:05  Marine x4  
  95  7:06  Marine  
  95  7:07  Marine  
  101  7:17  Supply Depot  
  99  7:23  Marine  
  99  7:24  Marine x5  
  99  7:26  Medivac x2  
  99  7:27  Marine x3  
  112  7:33  Supply Depot x2  
  112  7:36  Supply Depot  
  112  7:41  Marine x3  
  112  7:42  Marine  
  108  7:55  Marine x5  
  108  7:56  Medivac  
  116  7:59  Marine x3  
  116  8:00  Marine  
Show
View Real Time Build Order
Export as new Build Order

Vajra Protoss - Winner!

Build Orders:  

Get SALT Encoding   

  12  0:01  Probe  
  13  0:13  Probe  
  14  0:20  Pylon  
  14  0:25  Probe  
  15  0:36  Probe  
  16  0:44  Probe  
  17  0:53  Probe  
  18  1:05  Probe  
  19  1:13  Probe  
  19  1:14  Nexus  
  20  1:21  Probe  
  20  1:31  Gateway, Probe  
  22  1:42  Forge  
  22  1:43  Probe  
  23  1:58  Pylon  
  23  2:03  Assimilator  
  23  2:14  Probe  
  23  2:16  Photon Cannon  
  23  2:17  Pylon  
  23  2:22  Assimilator, Probe  
  24  2:27  Probe  
  25  2:30  Probe  
  25  2:35  Probe  
  27  2:42  Probe  
  29  2:45  Photon Cannon, Probe  
  30  2:52  Pylon  
  30  2:54  Probe  
  30  2:57  Probe  
  32  3:00  Assimilator  
  32  3:03  Assimilator  
  32  3:09  Probe  
  33  3:13  Cybernetics Core  
  33  3:21  Probe  
  33  3:26  Photon Cannon  
  34  3:35  Probe  
  34  3:40  Probe  
  36  3:47  Probe  
  37  3:50  Stargate x2  
  37  3:53  Protoss Air Weapons Level 1  
  37  4:02  Protoss Shields Level 1  
  37  4:03  Probe  
  37  4:04  Probe  
  39  4:15  Probe  
  39  4:16  Probe  
  41  4:18  Pylon  
  41  4:23  Void Ray x2  
  41  4:24  Pylon  
  49  4:39  Probe  
  50  4:51  Probe  
  51  4:56  Void Ray x2, Pylon  
  59  5:08  Probe  
  60  5:25  Fleet Beacon  
  60  5:29  Pylon  
  60  5:30  Void Ray  
  60  5:38  Void Ray  
  64  5:43  Nexus  
  68  6:04  Robotics Facility  
  68  6:06  Pylon  
  68  6:19  Pylon  
  68  6:20  Void Ray  
  68  6:23  Void Ray  
  76  6:44  Assimilator  
  76  6:48  Assimilator  
  76  6:50  Photon Cannon  
  76  6:53  Photon Cannon  
  76  6:59  Photon Cannon  
  76  7:10  Observer  
  77  7:20  Anion Pulse-Crystals  
  81  7:27  Pylon  
  81  7:28  Void Ray x2  
  85  7:31  Pylon  
  85  7:46  Robotics Bay  
  85  7:48  Pylon  
  85  7:49  Probe  
  85  7:53  Pylon  
  85  7:57  Probe  
  87  8:07  Probe  
  88  8:18  Twilight Council  
Tags
 
Add a new tag
Caveats
  • Supply blocks, unpowered buildings, or Contaminate may cause inaccurate times.
  • Supply counts are checked every 10 seconds.